 Dungeon Crawl Stone Soup version 0.28.0-49-g6dfe1f597d (webtiles) character file.

Game seed: 18156341165673994161

25 pkoi the Insei (level 2, -1/24 HPs)
             Began as a Demigod Gladiator on May 16, 2022.
             Slain by an adder (4 damage)
             ... on level 2 of the Dungeon.
             The game lasted 00:01:01 (862 turns).

pkoi the Insei (Demigod Gladiator)                   Turns: 862, Time: 00:01:02

Health: -1/24      AC:  7    Str: 15    XL:     2   Next: 66%
Magic:  4/4        EV: 10    Int: 10    God:
Gold:   36         SH:  0    Dex: 15    Spells: 1/1 levels left

rFire   . . .      SeeInvis .     - Unarmed
rCold   . . .      Faith    .   (no shield)
rNeg    . . .      Spirit   .   d - +0 scale mail
rPois   .          Reflect  .   b - +0 helmet
rElec   .          Harm     .   (no cloak)
rCorr   .          Rampage  .   (no gloves)
Will    .....                   (no boots)
Stlth   ..........              (no amulet)
HPRegen 0.08/turn               (no ring)
MPRegen 0.09/turn               (no ring)

@: lethally poisoned (-1 -> -6)
A: high MP 1, forlorn, divine attributes
a: no special abilities


You were on level 2 of the Dungeon.
You visited 1 branch of the dungeon, and saw 2 of its levels.

You collected 36 gold pieces.

Inventory:

Hand Weapons
 e - a +0 dagger
 g - a +0 hunting sling
Missiles
 c - 3 throwing nets (quivered)
Armour
 a - a +0 leather armour
 b - a +0 helmet (worn)
 d - a +0 scale mail (worn)
Scrolls
 f - a scroll of summoning {unknown}
Potions
 h - a potion of haste {unknown}


   Skills:
 + Level 1.8 Fighting
 - Level 1.7 Throwing
 - Level 2.6 Dodging
 * Level 3.7 Unarmed Combat


You had one spell level left.
You didn't know any spells.
Your spell library was empty.

Dungeon Overview and Level Annotations

Branches:
Dungeon (2/15)


Innate Abilities, Weirdness & Mutations

You have an increased reservoir of magic. (+10% MP)
You shall have no god before yourself.
Your divine heritage dramatically boosts your attributes as you level up.


Message History

You are too injured to fight recklessly!
You are too injured to fight recklessly!
You are too injured to fight recklessly!
You are too injured to fight recklessly!
You feel sick.
You feel sick.
You feel sick. The adder bites you but does no damage.
You closely miss the adder.
The adder is lightly wounded.
You feel sick. The adder bites you.
* * * LOW HITPOINT WARNING * * *
You are more poisoned.
The adder poisons you!
You barely miss the adder.
The adder is lightly wounded.
You feel sick. The adder closely misses you.
You hit the adder.
The adder is moderately wounded.
You feel sick. The adder bites you but does no damage.
You miss the adder.
The adder is moderately wounded.
You feel sick. The adder bites you.
* * * LOW HITPOINT WARNING * * *
You are lethally poisoned!
The adder poisons you!
You completely miss the adder.
The adder is moderately wounded.
* * * LOW HITPOINT WARNING * * *
You feel sick. The adder barely misses you.
You hit the adder but do no damage.
The adder is moderately wounded.
* * * LOW HITPOINT WARNING * * *
You feel sick. The adder bites you.
* * * LOW HITPOINT WARNING * * *
The adder bites you but does no damage.
You hit the adder.
The adder is severely wounded.
* * * LOW HITPOINT WARNING * * *
You feel sick. The adder bites you.
You die...

######
#..$.#
#....#
#....#
#>...##..
###.[......
#..........
#S#####....
#@#........
#.#..#.# #
#.#..#.#
#.#..#.#
#.#..#.####
#.#.......#
#.#.##.##.#
#....#.##<#
######.####


You could see an adder.

Vanquished Creatures
  A ball python (D:1)
  2 bats (D:1)
  4 endoplasms (D:1)
  2 giant cockroaches (D:1)
  3 hobgoblins
  2 kobolds (D:1)
  3 quokkas (D:1)
  A frilled lizard (D:1)
  3 rats
21 creatures vanquished.

Notes
Turn   | Place    | Note
-------+----------+-------------------------------------------
     0 | D:1      | pkoi the Demigod Gladiator began the quest for the Orb.
     0 | D:1      | Reached XP level 1. HP: 17/17 MP: 3/3
    61 | D:1      | Reached skill level 3 in Unarmed Combat
   199 | D:1      | Reached XP level 2. HP: 19/24 MP: 4/4
   862 | D:2      | Slain by an adder

Illustrated notes

Levels and vault maps discovered:
D:1:      minmay_arrival_split_and_join, layout_rooms,
          ebering_ecumenical_altar_sacrificial
D:2:      layout_basic, due_unseen_surprise

Skill      XL: |  1 |
---------------+----+-----
Unarmed Combat | 3 |  3.7
Fighting       | |  1.8
Throwing       | |  1.7
Dodging        | |  2.6

Action                   || total
-------------------------++-------
Melee: Unarmed           ||    93
       Punch             ||     2
  Use: Scroll            ||     1
       Potion            ||     1
Armor: Scale mail        ||    42
       Leather armour    ||    11
Dodge: Dodged            ||    74
